 Dungeon Crawl Stone Soup version 0.30.1-11-g7821555f0a (webtiles) character file.

Game seed: 3951063171346404693

15 comborobin the Sneak (level 2, 0/27 HPs)
             Began as a Minotaur Delver on Nov 20, 2023.
             Was a Follower of Uskayaw.
             Slain by an orc warrior
             ... wielding a +0 war axe
              (9 damage)
             ... on level 4 of the Dungeon.
             The game lasted 00:00:51 (136 turns).

comborobin the Sneak (Minotaur Delver)               Turns: 136, Time: 00:00:52

Health: 0/27       AC:  3    Str: 16    XL:     2   Next: 34%
Magic:  1/1        EV: 11    Int:  7    God:    Uskayaw [*.....]
Gold:   0          SH:  0    Dex: 11    Spells: 1/1 levels left

rFire   . . .        d - +1 rapier (venom)
rCold   . . .        (no shield)
rNeg    . . .        b - +0 leather armour
rPois   .            (helmet restricted)
rElec   .            (no cloak)
rCorr   .            (no gloves)
SInv    .            (no boots)
Will    .....        (no amulet)
Stlth   ++           (no ring)
HPRegen 0.24/turn    (no ring)
MPRegen 0.07/turn

%: no passive effects
@: no status effects
A: horns 2, retaliatory headbutt
a: Renounce Religion, Stomp


You were on level 4 of the Dungeon.
You worshipped Uskayaw.
Uskayaw was noncommittal.
You visited 1 branch of the dungeon, and saw 2 of its levels.

Inventory:

Hand Weapons
 a - a +0 hand axe
 d - a +1 rapier of venom (weapon)
Armour
 b - a +0 leather armour (worn)
Wands
 g - a wand of digging (3)
Scrolls
 c - a scroll of fog
 e - a scroll of fear


   Skills:
 - Level 3.8 Fighting
 * Level 0.5 Short Blades
 - Level 3.0 Axes
 - Level 1.0 Armour
 - Level 2.1 Dodging
 + Level 4.1 Stealth


You had one spell level left.
You didn't know any spells.
Your spell library was empty.

Dungeon Overview and Level Annotations

Branches:
Dungeon (5/15)
 Temple: D:4-7

Altars:
Uskayaw

Shops:
D:5 =


Innate Abilities, Weirdness & Mutations

You have a pair of horns on your head.
You reflexively headbutt those who attack you in melee.


Message History

No target in view!
No target in view!
You hear the slow rusting of a drain very nearby.
You hear the slow hiss of a very distant avalanche of sand.
There is a hide-covered altar of Uskayaw here.
You kneel at the altar of Uskayaw.
Uskayaw welcomes you!
Unknown command.
Press < or > to pray at altars.
You see here a hobgoblin corpse.
A kobold comes into view. It is wielding a +0 club.
Found 14 gold pieces.
An orc warrior comes into view. It is wielding a +0 war axe.
An orc comes into view. It is wielding a +0 club.
The helpless kobold fails to defend itself.
You hit the kobold.
You kill the kobold!
You aren't carrying any potions.
Okay, then.
You start waiting.
An orc warrior is nearby!
You hit the orc warrior.
The orc warrior is poisoned.
The orc warrior is lightly wounded.
The orc warrior closely misses you.
You can now stomp with the beat.
You hit the orc warrior but do no damage.
You headbutt the orc warrior.
The orc warrior is lightly wounded.
The orc warrior hits you with a +0 war axe!
The orc warrior barely misses you.
You hit the orc warrior.
The orc warrior looks as sick as possible!
The orc warrior is lightly wounded.
The orc warrior hits you with a +0 war axe!
* * * LOW HITPOINT WARNING * * *
The orc warrior attacks as you move away!
The orc warrior barely misses you.
The orc warrior attacks as you move away!
The orc warrior hits you with a +0 war axe!
You die...

.# #.......# ########)#
#.......# ##+## #...o.....
#....<..# ##...###o###.....
#.......####.(...##.# #.....
####........##.......#.# #.....
#...........#..........###.....
#...........'..................
#...........#.@o......####.....
#$............####...## ......
#.###..†.8....†..#..##
#......8...8...#.#.##
####...†.........###
##.8.....8.._..#
###............##
#....8...8...#)#
###.#.†..8.......#


You could see an orc warrior (very poisoned).

Vanquished Creatures
  An adder (D:4)
  A ball python (D:4)
  2 hobgoblins (D:4)
  A quokka (D:4)
  A kobold (D:4)
6 creatures vanquished.

Notes
Turn   | Place    | Note
-------+----------+-------------------------------------------
     0 | D:5      | comborobin the Minotaur Delver began the quest for the Orb.
     0 | D:5      | Reached XP level 1. HP: 19/19 MP: 0/0
    68 | D:4      | Reached XP level 2. HP: 20/27 MP: 1/1
    76 | D:4      | Reached skill level 1 in Armour
    79 | D:4      | Found a hide-covered altar of Uskayaw.
    92 | D:4      | Became a worshipper of Uskayaw the Reveller
   112 | D:4      | Noticed an orc warrior
   127 | D:4      | Reached * piety under Uskayaw
   136 | D:4      | Slain by an orc warrior

Illustrated notes

Levels and vault maps discovered:
D:4:      kennysheep_kobold_camp, layout_loops_corners,
          nicolae_uskayaw_dance_hall, mainiacjoe_overflow_brackets,
          gup_ossuary_entry_pyramid, portal_sewer_entry_d
D:5:      layout_cave_pods, kennysheep_mini_moat,
          mainiacjoe_overflow_tiny_flanked, nemelex_diamond_rough_becter,
          serial_shops, shop_coins, shop, shop

Skill      XL: |  1  2 |
---------------+-------+-----
Axes           | 3 |  3.0
Armour         | 1 |  1.0
Fighting       | |  3.8
Short Blades   | |  0.5
Dodging        | |  2.1
Stealth        | |  4.1

Action                     || total
---------------------------++-------
  Melee: Hand axe          ||     7
         Rapier            ||     8
         Headbutt          ||     3
    Use: Potion            ||     2
         Scroll            ||     1
   Stab: Sleeping          ||     2
 Armour: Leather armour    ||     2
  Dodge: Dodged            ||    11
